 Dungeon Crawl Stone Soup version 0.24.0-123-gd5b16e6ec5 (webtiles) character file.

Game seed: 7717811297174935172, levelgen mode: deterministic

7585 MisterOstroum the Zephyrmancer (level 11, -2/64 HPs)
             Began as a Tengu Air Elementalist on Jan 11, 2020.
             Was a Priest of Vehumet.
             Slain by a hippogriff (5 damage)
             ... on level 9 of the Dungeon.
             The game lasted 00:35:42 (15934 turns).

MisterOstroum the Zephyrmancer (TeAE)              Turns: 15934, Time: 00:35:42

Health: -2/64      AC:  5    Str: 11    XL:     11   Next: 17%
Magic:  15/21      EV: 19    Int: 24    God:    Vehumet [***...]
Gold:   161        SH:  0    Dex: 15    Spells: 1/22 levels left

rFire    + + .     SeeInvis +   y - +2 whip (vamp)
rCold    . . .     Gourm    .   (no shield)
rNeg     + . .     Faith    .   q - +1 leather armour {rPois}
rPois    +         Spirit   .   (helmet restricted)
rElec    .         Reflect  .   H - scarf {rC+ rF+}
rCorr    .         Harm     .   L - +0 pair of gloves (curse)
MR       .....                  (boots unavailable)
Stlth    +.........             h - amulet of rage
HPRegen  0.20/turn              r - ring of see invisible
MPRegen  0.17/turn              J - ring of Zaud {Fire *Drain +Fly rN+ Str+3}

@: brilliant, flying quickly and evasively, very slightly contaminated, hasted,
glowing, invisible (but backlit and visible), very quick
A: beak, talons 3, able to fly
a: Stop Flying, Renounce Religion, Evoke Berserk Rage


You were on level 9 of the Dungeon.
You worshipped Vehumet.
Vehumet was most pleased with you.
You were not hungry.

You visited 2 branches of the dungeon, and saw 11 of its levels.

You collected 491 gold pieces.
You spent 330 gold pieces at shops.

Inventory:

Hand Weapons
 g - a +0 trident
 o - a +0 spear
 y - a +2 vampiric whip (weapon)
 O - a +0 hand axe of electrocution
Missiles
 d - 87 sling bullets
 f - 53 bolts
 k - 256 arrows
 m - 315 stones
 t - a throwing net {!f}
 F - 5 silver boomerangs
 M - 4 poisoned darts (quivered)
Armour
 q - a +1 leather armour of poison resistance (worn)
 H - a scarf of resistance (worn)
 L - a cursed +0 pair of gloves (worn)
Jewellery
 h - an amulet of rage (around neck)
 r - a ring of see invisible (left hand)
 J - the ring of Zaud (right hand) {Fire *Drain +Fly rN+ Str+3}
   (You found it on level 6 of the Dungeon)

   [ring of fire]

   It enhances your fire magic.
   It affects your strength (+3).
   It protects you from fire.
   It makes you vulnerable to cold.
   It protects you from negative energy.
   It lets you fly.
   It causes draining when unequipped.
Wands
 j - a wand of polymorph (3)
 B - a wand of random effects (22)
 K - a wand of flame (22)
Scrolls
 a - a scroll of enchant weapon {unknown}
 b - 3 scrolls of remove curse {@r2}
 l - 2 scrolls of enchant armour {unknown}
 p - 5 scrolls of teleportation {@r3 !r}
 s - 2 scrolls of blinking {unknown}
 v - 3 scrolls of amnesia {unknown}
 x - a scroll of fear {!r}
 C - 2 scrolls of fog {unknown}
 D - 2 scrolls of brand weapon {unknown}
 E - 2 scrolls of immolation
 Q - 3 scrolls of identify
Potions
 c - a potion of magic
 i - a potion of ambrosia
 n - 7 potions of curing {@q1 !q}
 u - 2 potions of might {@q3 !q}
 w - a potion of invisibility
 z - a potion of brilliance
 A - 2 potions of agility
 I - 2 potions of berserk rage
 N - 2 potions of resistance {unknown}
Miscellaneous
 P - a phial of floods
 R - a box of beasts
Comestibles
 e - 22 rations
 S - 2 chunks of flesh


   Skills:
 * Level 6.0 Fighting
 - Level 2.0 Maces & Flails
 * Level 7.1 Dodging
 - Level 2.0 Stealth
 + Level 6.3 Spellcasting
 - Level 10.1 Conjurations
 + Level 1.2 Charms
 + Level 1.5 Necromancy
 * Level 1.7 Translocations
 - Level 11.0 Air Magic
 - Level 5.0 Evocations


You had one spell level left.
You knew the following spells:

 Your Spells              Type           Power        Failure   Level  Hunger
a - Shock                 Conj/Air       ####         1%          1    None
b - Airstrike             Air            ######....   1%          4    ###....
c - Static Discharge      Conj/Air       ######..     1%          3    None
d - Lightning Bolt        Conj/Air       ######....   1%          5    #####..
g - Vampiric Draining     Necr           ####......   1%          3    None
B - Blink                 Tloc           N/A          1%          2    None
H - Regeneration          Chrm/Necr      ####......   2%          3    None

Your spell library contained the following spells:

 Spells                   Type           Power        Failure   Level  Hunger
 Inner Flame              Hex/Fire       ####....     3%          3    None
 Animate Skeleton         Necr           N/A          1%          1    None
 Apportation              Tloc           ####..       1%          1    None
 Confusing Touch          Hex            ###...       1%          1    None
 Magic Dart               Conj           ####         1%          1    None
 Pain                     Necr           ####         1%          1    None
 Summon Small Mammal      Summ           ###.         1%          1    None
 Call Imp                 Summ           ###.....     1%          2    None
 Slow                     Hex            ###.....     1%          2    None
 Swiftness                Chrm/Air       ######..     1%          2    None
 Conjure Flame            Conj/Fire      ######..     1%          3    None
 Gell's Gravitas          Tloc           ####......   1%          3    None
 Mephitic Cloud           Conj/Pois/Air  ######..     1%          3    None
 Confuse                  Hex            ###.....     3%          3    None
 Animate Dead             Necr           N/A          6%          4    ###....
 Petrify                  Tmut/Erth      ###.....     12%         4    ###....
 Metabolic Englaciation   Hex/Ice        ###.......   28%         5    #####..
 Yara's Violent Unravell  Hex/Tmut       ###.......   28%         5    #####..


Dungeon Overview and Level Annotations

Branches:
Dungeon (10/15)            Temple (1/1) D:4            Lair (0/6) D:8
    Orc: D:9-12

Altars:
Ashenzari
Cheibriados
Dithmenos
Elyvilon
Fedhas
Gozag
Hepliaklqana
Kikubaaqudgha
Makhleb
Nemelex Xobeh
Okawaru
Qazlal
Ru
Sif Muna
Trog
Uskayaw
Vehumet
Wu Jian
Xom
Yredelemnul
Zin
The Shining One

Shops:
D:9 :

Annotations:
D:6 Peloso's ghost, novice MiFi
D:8 3 runed translucent doors, exclusion: door, Gastronok; SeriousMike's ghost, novice HuIE
D:9 1 transporter


Innate Abilities, Weirdness & Mutations

You have a beak for a mouth.
You have claws for feet.
You can fly continuously.


Message History

There is a stone staircase leading up here.
You fly upwards.
Level annotation: 2 transporters, MisterOstroum's ghost, novice SpAM
There is a stone staircase leading down here.
You whack the orc wizard!
You feel better.
You claw the orc wizard. Your peck misses the orc wizard.
The orc wizard is almost dead.
The orc wizard casts a spell.
The orc wizard flickers and vanishes for a moment.
You closely miss the orc wizard.
The orc wizard is almost dead.
The orc wizard gestures at you while chanting.
The magic dart hits you.
You closely miss the orc wizard. Your peck misses the orc wizard.
The orc wizard is almost dead.
The orc wizard casts a spell at you.
You are confused.
You hit the orc wizard.
You kill the orc wizard!
Vehumet accepts your kill.
You feel your power returning.
There isn't anything here!
Unknown command.
You start resting.
Eating one of 3 chunks of flesh.
You eat one of the 3 chunks of flesh.
This raw flesh tastes terrible.
You feel less confused.
You start resting.
HP restored.
Things that are here:
a +0 dagger; a +0 robe; an orc corpse You butcher the orc corpse.
S - 4 chunks of flesh (gained 2)
Things that are here:
a +0 dagger; a +0 robe; an orc skeleton
Okay, then.
Okay, then.
The hippogriff screeches!
The stone giant shouts!
Things that are here:
a +0 ring mail; a +0 flail Some of the chunks of flesh in your inventory have rotted away.
There is a transporter here.
Press: ? - help, v - describe, . - travel
Here: MisterOstroum's ghost (fire blocked by a translucent stone wall)
The floor.
Really quaff
G - a potion of haste {@q4 !q}?
You feel yourself speed up.
You fade into invisibility!
You are very lightly contaminated with residual magic.
You feel clever all of a sudden.
You enter the transporter and appear at another place.
The stone giant throws a large rock.
The large rock hits you! The shadow imp closely misses you.
Casting: Static Discharge (safe; 1% risk of failure)
Confirm with . or Enter, or press ? or * to list all spells.
The shadow imp is struck by an arc of lightning!
The shadow imp is almost dead.
MisterOstroum's ghost is struck by an arc of lightning.
MisterOstroum's ghost is lightly damaged.
You are struck by an arc of lightning.
MisterOstroum's ghost is struck by an arc of lightning.
MisterOstroum's ghost is lightly damaged.
The lightning grounds out.
MisterOstroum's ghost is struck by an arc of lightning!
MisterOstroum's ghost is heavily damaged.
You are struck by an arc of lightning.
The shadow imp is struck by an arc of lightning.
You kill the shadow imp!
Vehumet accepts your kill.
You feel your power returning.
Your Charms skill increases to level 1!
The lightning grounds out.
The shadow imp shouts!
Casting: Static Discharge (safe; 1% risk of failure)
Confirm with . or Enter, or press ? or * to list all spells.
MisterOstroum's ghost is struck by an arc of lightning!
MisterOstroum's ghost is severely damaged.
You are struck by an arc of lightning.
MisterOstroum's ghost is struck by an arc of lightning.
MisterOstroum's ghost is severely damaged.
You are struck by an arc of lightning.
The lightning grounds out.
MisterOstroum's ghost points at you and mumbles some strange words.
You feel strangely conspicuous.
The stone giant throws a large rock.
The large rock hits you!!!
Ouch! That really hurt!
* * * LOW HITPOINT WARNING * * *
Casting: Static Discharge (safe; 1% risk of failure)
Confirm with . or Enter, or press ? or * to list all spells.
MisterOstroum's ghost is struck by an arc of lightning!
You destroy MisterOstroum's ghost!
Vehumet accepts your kill.
Vehumet offers you knowledge of Inner Flame.
You feel your power returning.
Your Fighting skill increases to level 6!
The lightning grounds out.
The shadow imp sputters.
Okay, then.
Unknown command.
The hippogriff completely misses you. The hippogriff misses you.
The hippogriff claws you.
You die...

.## ##...............#..###....
..### ##.....#########...## ###..
....###....)##.......##.## ##.#
............#8.......8#.# ###..#
#.###.......#.........#.####...##
#.........[.#........$#..........
#.[##...#..©#..C.©...?#©.........
............#..H(5...:#..........
#).....#....#...@....$#.#.....#..
#.........[)#8.......8#..........
####.###.##.##©......##.#...#.∩.#
#..#.# #..#..#########..#........
...#.# ##..#...........##########
'###.# ##..####.<###### .# #.#
##.## #.## ## #.# #..###.####
####.# ##........#


You could see a stone giant, a hippogriff and a shadow imp.

Vanquished Creatures
  The ghost of MisterOstroum the Slinger, a novice SpAM of Fedhas (D:9)
  Pikel (D:7)
  3 polar bears (D:8)
  Prince Ribbit (D:6)
  Sigmund (D:4)
  A wyvern (D:9)
  A spriggan (D:7)
  5 yaks
  A slave (D:7)
  3 orc warriors
  8 ice beasts
  3 phantoms
  A black bear (D:7)
  A sky beast (D:6)
  3 ogres
  6 centaurs
  A wolf (D:8)
  A crocodile (D:8)
  A big kobold (D:8)
  2 bullfrogs (D:6)
  5 scorpions
  15 wights
  An electric eel (D:8)
  4 crimson imps
  A bullfrog zombie (D:8)
  5 hounds
  A jelly (D:5)
  6 orc priests
  8 orc wizards
  An iguana (D:7)
  A centaur simulacrum (D:8)
  A bullfrog simulacrum (D:6)
  2 hound zombies
  Robin (D:2)
  A howler monkey zombie (D:9)
  A worker ant zombie (D:6)
  4 gnolls (D:4)
  13 adders
  A hound simulacrum (D:6)
  A shadow imp (D:9)
  3 white imps
  A worker ant simulacrum (D:6)
  2 oozes
  2 adder zombies
  2 adder skeletons (D:9)
  2 worms
  4 dart slugs
  4 leopard geckos
  40 orcs
  2 ball pythons
  9 bats
  6 giant cockroaches
  2 gnoll zombies (D:6)
  11 hobgoblins
  11 jackals
  6 kobolds
  6 quokkas
  2 frilled lizards (D:2)
  13 goblins
  5 rats
251 creatures vanquished.

Vanquished Creatures (others)
  A slave (D:7)
  2 bullfrogs (D:7)
  2 quokkas (D:7)
  A quokka zombie (D:7)
  A bush (D:5)
7 creatures vanquished.

Grand Total: 258 creatures vanquished

Notes
Turn   | Place    | Note
-------+----------+-------------------------------------------
     0 | D:1      | MisterOstroum the Tengu Air Elementalist began the quest
                  | for the Orb.
     0 | D:1      | Reached XP level 1. HP: 10/10 MP: 4/4
   107 | D:1      | Reached XP level 2. HP: 15/15 MP: 0/6
   626 | D:1      | Reached XP level 3. HP: 19/19 MP: 0/7
   631 | D:1      | Learned a level 3 spell: Static Discharge
  1026 | D:2      | Reached skill level 5 in Air Magic
  1065 | D:2      | Noticed Robin
  1132 | D:2      | Killed Robin
  1132 | D:2      | Reached XP level 4. HP: 24/24 MP: 0/8
  1563 | D:2      | You fall into a shaft and drop 1 floor!
  2097 | D:3      | Gained mutation: You can fly continuously. [Tengu growth]
  2097 | D:3      | Reached XP level 5. HP: 28/28 MP: 5/9
  2453 | D:3      | Reached skill level 6 in Air Magic
  2659 | D:3      | Noticed a centaur
  2661 | D:3      | a centaur changed into a hound
  2906 | D:2      | Found a bloodstained altar of Trog.
  2981 | D:2      | Found a stormy altar of Qazlal.
  2987 | D:2      | Reached skill level 5 in Conjurations
  3539 | D:3      | Reached XP level 6. HP: 32/32 MP: 8/10
  4101 | D:4      | Reached skill level 1 in Evocations
  4330 | D:4      | Found an ornate altar of the Wu Jian Council.
  4348 | D:4      | Noticed Sigmund
  4407 | D:4      | Noticed a phantom
  4450 | D:3      | Learned a level 4 spell: Airstrike
  4461 | D:4      | Killed a phantom
  4667 | D:4      | Reached skill level 7 in Air Magic
  4695 | D:4      | Killed Sigmund
  4695 | D:4      | Reached XP level 7. HP: 28/36 MP: 7/12
  4820 | D:4      | Found a staircase to the Ecumenical Temple.
  4840 | Temple   | Entered the Ecumenical Temple
  5046 | Temple   | Became a worshipper of Vehumet
  5170 | D:4      | Found an opulent altar of Gozag.
  5598 | D:5      | Entered Level 5 of the Dungeon
  6305 | D:5      | Reached XP level 8. HP: 41/41 MP: 8/14
  6451 | D:5      | Reached skill level 1 in Maces & Flails
  6507 | D:5      | Learned a level 5 spell: Lightning Bolt
  6511 | D:5      | Reached skill level 8 in Air Magic
  7533 | D:6      | Reached skill level 1 in Fighting
  7751 | D:6      | Found a shimmering altar of Xom.
  7833 | D:6      | Reached * piety under Vehumet
  7833 | D:6      | Offered knowledge of Sting by Vehumet.
  7859 | D:6      | Reached skill level 9 in Air Magic
  8157 | D:6      | Found a runed translucent gate.
  8157 | D:6      | Found a runed translucent gate.
  8157 | D:6      | Found a runed translucent gate.
  8410 | D:6      | Reached XP level 9. HP: 26/48 MP: 1/17
  8994 | D:6      | Found a basalt altar of Yredelemnul.
  9463 | D:6      | Noticed Prince Ribbit
  9469 | D:6      | Killed Prince Ribbit
  9469 | D:6      | Reached skill level 5 in Spellcasting
  9469 | D:6      | Reached skill level 10 in Air Magic
  9690 | D:6      | Noticed Peloso's ghost (novice MiFi)
 10300 | D:6      | Got the ring of Zaud {Fire}
 10304 | D:6      | Identified the ring of Zaud {Fire *Drain +Fly rN+ Str+3}
                  | (You found it on level 6 of the Dungeon)
 10601 | D:7      | Noticed Pikel
 10678 | D:7      | Killed Pikel
 10678 | D:7      | Offered knowledge of Sandblast by Vehumet.
 10678 | D:7      | Reached XP level 10. HP: 56/56 MP: 3/19
 10819 | D:7      | Reached ** piety under Vehumet
 11099 | D:7      | Reached skill level 5 in Dodging
 11264 | D:7      | Reached skill level 10 in Conjurations
 12070 | D:8      | Noticed Gastronok
 12071 | D:8      | Noticed a two-headed ogre
 12416 | D:8      | Noticed a catoblepas
 13269 | D:8      | Found a runed translucent gate.
 13269 | D:8      | Found a runed translucent gate.
 13274 | D:8      | Found a runed translucent gate.
 13276 | D:8      | Noticed SeriousMike's ghost (novice HuIE)
 13522 | D:8      | Offered knowledge of Searing Ray by Vehumet.
 13551 | D:8      | Reached skill level 5 in Fighting
 13633 | D:8      | Found a staircase to the Lair.
 13953 | D:8      | Reached skill level 11 in Air Magic
 14680 | D:9      | Reached *** piety under Vehumet
 14794 | D:9      | Noticed MisterOstroum's ghost (novice SpAM)
 14796 | D:9      | Noticed a stone giant
 14815 | D:9      | Found Butihoh's Book Emporium.
 14822 | D:9      | Bought a book of Necromancy for 330 gold pieces
 14826 | D:9      | Learned a level 3 spell: Regeneration
 14829 | D:9      | Learned a level 2 spell: Blink
 14833 | D:9      | Learned a level 3 spell: Vampiric Draining
 14842 | D:9      | Found a transporter.
 14845 | D:9      | Found a transporter.
 15149 | D:9      | Reached XP level 11. HP: 49/64 MP: 2/21
 15267 | D:9      | Reached skill level 1 in Translocations
 15338 | D:9      | Reached skill level 1 in Necromancy
 15338 | D:9      | Reached skill level 5 in Evocations
 15770 | D:10     | Entered Level 10 of the Dungeon
 15931 | D:9      | Reached skill level 1 in Charms
 15932 | D:9      | HP: 3/64 [stone giant/large rock (39)]
 15933 | D:9      | Killed MisterOstroum's ghost
 15933 | D:9      | Offered knowledge of Inner Flame by Vehumet.
 15934 | D:9      | Slain by a hippogriff

Levels and vault maps discovered:
D:1:      lightli_arrival_statuegarden, layout_rooms, hangedman_decor_growths,
          chequers_decorated_corner, minmay_crystal_room
D:2:      layout_basic, lemuel_doored_altar, overflow_temple_1_default,
          serial_rivers, chequers_serial_rivers_marsh,
          chequers_serial_rivers_small_b, chequers_serial_rivers_micro_b,
          chequers_serial_rivers_micro_d, chequers_serial_rivers_micro_a,
          minmay_misc_feat_x, uniq_robin
D:3:      layout_basic
D:4:      layout_loops_corners, kennysheep_little_box,
          overflow_temple_1_default, minmay_temple_entry_arrows, uniq_sigmund
D:5:      layout_gridville, first_ration, kb_lookout_dungeons_type,
          serial_bayou_crossing
D:6:      layout_basic, nicolae_overflow_crystal_walls,
          lemuel_zombie_altar_yredelemnul, gammafunk_ghost_icy,
          uniq_prince_ribbit1
D:7:      layout_basic, the_bakery, uniq_pikel
D:8:      minmay_chambers_of_fours, layout_layer_cave, lair_entry_dummy,
          serial_ice, serial_ice_k, serial_ice_h, serial_ice_e, serial_ice_g,
          serial_ice_b, serial_ice_a, gammafunk_ghost_spectres, uniq_gastronok
D:9:      layout_rooms, gammafunk_ghost_arena, serial_shops, nicolae_shop_stone,
          lightli_orcish_oven
D:10:     layout_basic, minivault_14, kennysheep_generic_room_9
Temple:   eino_temple_scatter_basement

Skill      XL: |  1  2  3  4  5  6  7  8  9 10 11 |
---------------+----------------------------------+-----
Conjurations   | 2 3 4 5 6 8 9 10 | 10.1
Air Magic      | 5 6 7 9 10 11 | 11.0
Evocations     | 2 3 4 5 |  5.0
Spellcasting   | 3 4 5 6 |  6.3
Maces & Flails | 2 |  2.0
Fighting       | 2 3 5 6 |  6.0
Dodging        | 4 6 7 |  7.1
Translocations | 1 |  1.7
Necromancy     | 1 |  1.5
Charms         | 1 |  1.2
Stealth        | |  2.0

Action                   |  1- 3 |  4- 6 |  7- 9 | 10-12 || total
-------------------------+-------+-------+-------+-------++-------
Melee: Unarmed           |       |     4 |       |       ||     4
       Spear             |       |    13 |     5 |       ||    18
       Kick              |       |     2 |     3 |     5 ||    10
       Peck              |       |     1 |     2 |     1 ||     4
       Whip              |       |       |    13 |    17 ||    30
Throw: Stone             |       |     2 |       |       ||     2
       Dart              |       |       |       |     8 ||     8
 Cast: Shock             |    52 |   110 |   193 |   168 ||   523
       Static Discharge  |     1 |    12 |    19 |    44 ||    76
       Airstrike         |       |     5 |    17 |    13 ||    35
       Lightning Bolt    |       |       |    17 |    30 ||    47
       Regeneration      |       |       |       |     1 ||     1
 Abil: Fly               |       |     1 |       |     2 ||     3
       Stop Flying       |       |       |       |     2 ||     2
Evoke: Wand              |       |     1 |     1 |       ||     2
  Use: Potion            |       |     1 |     1 |     3 ||     5
       Scroll            |       |       |     6 |     8 ||    14
  Eat: Chunk             |     1 |    14 |    20 |    16 ||    51
       Ration            |       |       |     2 |     4 ||     6
Armor: Robe              |     3 |     4 |     5 |       ||    12
       Leather armour    |       |       |     1 |    16 ||    17
Dodge: Dodged            |     5 |    38 |    67 |    95 ||   205
